 Dungeon Crawl Stone Soup version 0.31-a0-1074-g0b22e4e0f1 (webtiles) character file.

Game seed: 8114920893214142926

710 javelincjr the Changeling (level 7, 0/67 HPs)
             Began as a Troll Shapeshifter on Nov 30, 2023.
             Slain by Edmund
             ... wielding a +3 dire flail of protection
              (12 damage)
             ... on level 5 of the Dungeon.
             The game lasted 00:07:59 (2687 turns).

javelincjr the Changeling (Troll Shapeshifter)      Turns: 2687, Time: 00:08:00

Health: 0/67       AC:  4    Str: 31    XL:     7   Next: 40%
Magic:  0/6        EV: 10    Int:  6    God:
Gold:   162        SH:  0    Dex:  9    Spells: 6/6 levels left

rFire   . .          .
                       - Unarmed
rCold   . . .        (no shield)
rNeg    . . .        a - +0 animal skin
rPois   .            (helmet currently unavailable)
rElec   .            (cloak currently unavailable)
rCorr   +            (gloves unavailable)
SInv    .            (boots unavailable)
Will    .....        w - amulet of guardian spirit
Stlth   +            g - ring of resist corrosion
HPRegen 1.11/turn    m - +6 ring of strength
MPRegen 0.10/turn

%: guardian spirit
@: beast-form
A: beast (slay +3), large, unfitting armour, claws 3, regeneration 1, shaggy fur
1, tough skin 1
a: Begin Untransformation


You were on level 5 of the Dungeon.
You were a hulking beast.
You visited 1 branch of the dungeon, and saw 5 of its levels.

You collected 162 gold pieces.

Inventory:

Hand Weapons
 r - a +2 whip of distortion
Missiles
 i - 3 curare-tipped darts
 p - 2 throwing nets
Armour
 a - a +0 animal skin (worn)
Jewellery
 g - a ring of resist corrosion (left claw)
 m - a +6 ring of strength (right claw)
 t - a ring of fire
 w - an amulet of guardian spirit (around neck)
Talismans
 c - a beast talisman
 d - a flux talisman
Scrolls
 f - 2 scrolls of teleportation
 j - a scroll of poison {unknown}
 s - 2 scrolls of vulnerability {unknown}
 u - a scroll of immolation {unknown}
Potions
 b - a potion of lignification
 h - a potion of brilliance
 k - 2 potions of curing
 l - a potion of enlightenment {unknown}
 n - a potion of magic {unknown}
 o - a potion of haste {unknown}
 q - 2 potions of berserk rage
 v - a potion of might {unknown}
 x - a potion of attraction {unknown}


   Skills:
 + Level 3.0 Fighting
 + Level 3.3 Dodging
 + Level 4.6 Unarmed Combat
 * Level 5.6 Shapeshifting


You had 6 spell levels left.
You didn't know any spells.
Your spell library was empty.

Dungeon Overview and Level Annotations

Branches:
Dungeon (5/15)
 Temple: D:4-7

Altars:
Dithmenos
Fedhas
Nemelex Xobeh
Okawaru
Vehumet

Annotations:
D:5 Edmund


Innate Abilities, Weirdness & Mutations

You are a hulking beast.
Your limbs bulge with bestial killing power. (Slay +3)
You are too large for most types of armour.
You have claws for hands.
Your natural rate of healing is unusually fast.
You are covered in fur. (AC +1)
You have tough skin. (AC +1)


Message History

Grinder is lightly wounded.
Grinder blinks!
Grinder hits you but does no damage.
You mangle Grinder!!
Grinder is severely wounded.
Grinder hits you!
You writhe in agony.
You claw Grinder!
You kill Grinder!
Your Fighting skill increases to level 3!
No target in view!
Found a stone.
Edmund the Younger comes into view.
He is wielding a +3 dire flail of protection.
Found a whip.
Found a stone staircase leading down.
Edmund asks, "Have you met my wondrous brother?"
Edmund hits you with a +3 dire flail of protection!
You scratch Edmund but do no damage.
Edmund hits you with a +3 dire flail of protection.
You barely miss Edmund. Edmund barely misses you.
You completely miss Edmund.
Edmund hits you with a +3 dire flail of protection!
You scratch Edmund but do no damage. You mangle Edmund!!
Edmund is heavily wounded.
Edmund hits you with a +3 dire flail of protection!
You closely miss Edmund.
Edmund is heavily wounded.
Edmund hits you with a +3 dire flail of protection!
You scratch Edmund but do no damage.
Edmund is heavily wounded.
Edmund hits you with a +3 dire flail of protection!
You closely miss Edmund.
Edmund is heavily wounded.
Edmund hits you with a +3 dire flail of protection!
* * * LOW HITPOINT WARNING * * *
You claw Edmund!
Edmund is severely wounded.
Edmund hits you with a +3 dire flail of protection!
You die...
Edmund whines, "They better pay attention to me now!"

............... #...
..........##.# #...
...#......#### #...
#..#......# #
..)####.##......#### .
#.#.##.####........
...###...(..# #........
.>..........#####...###.
......@h......##....# #.
...#..........#.....###.
..........###.......#...
###.....####............
####... #.........#.##
###. ##............ .
#............ #.
...###.......
..............


You could see Edmund.

Vanquished Creatures
  Grinder (D:5)
  A sky beast (D:5)
  A scorpion (D:5)
  A howler monkey (D:5)
  A hound (D:5)
  A jelly (D:5)
  An iguana (D:4)
  2 orc wizards (D:4)
  Robin (D:2)
  4 adders
  4 gnolls (D:2)
  2 ufetubi (D:5)
  8 orcs
  8 ball pythons
  5 endoplasms (D:1)
  2 giant cockroaches
  16 goblins
  7 hobgoblins
  8 jackals
  8 kobolds
  3 quokkas
  5 bats
  A frilled lizard (D:1)
  4 rats
95 creatures vanquished.

Notes
Turn   | Place    | Note
-------+----------+-------------------------------------------
     0 | D:1      | javelincjr the Troll Shapeshifter began the quest for the
                  | Orb.
     0 | D:1      | Reached XP level 1. HP: 18/18 MP: 0/0
   192 | D:1      | Reached skill level 1 in Fighting
   210 | D:1      | Reached XP level 2. HP: 27/27 MP: 1/1
   968 | D:2      | Reached XP level 3. HP: 33/33 MP: 2/2
  1154 | D:2      | Reached XP level 4. HP: 37/41 MP: 3/3
  1215 | D:2      | Noticed Robin
  1224 | D:2      | Killed Robin
  1225 | D:2      | Reached skill level 4 in Shapeshifting
  1308 | D:2      | Reached XP level 5. HP: 49/49 MP: 4/4
  1662 | D:3      | Found a sparkling altar of Nemelex Xobeh.
  1662 | D:3      | Found a shadowy altar of Dithmenos.
  1662 | D:3      | Found an iron altar of Okawaru.
  1682 | D:3      | You fall into a shaft and drop 1 floor!
  1694 | D:4      | Found a blossoming altar of Fedhas.
  1998 | D:4      | Found a radiant altar of Vehumet.
  2235 | D:5      | Entered Level 5 of the Dungeon
  2259 | D:5      | Reached XP level 6. HP: 58/58 MP: 5/5
  2454 | D:5      | Noticed a sky beast
  2493 | D:5      | Killed a sky beast
  2494 | D:5      | Reached skill level 5 in Shapeshifting
  2593 | D:5      | Reached XP level 7. HP: 61/66 MP: 4/6
  2627 | D:5      | Noticed Grinder
  2630 | D:5      | Paralysed by Grinder for 5 turns
  2639 | D:5      | Killed Grinder
  2675 | D:5      | Noticed Edmund
  2687 | D:5      | Slain by Edmund

Illustrated notes

Levels and vault maps discovered:
D:1:      dpeg_arrival_simpleton_b, layout_basic
D:2:      layout_basic, minmay_misc_feat_room, uniq_robin
D:3:      layout_rooms, gammafunk_temple_overflow_forgotten, serial_curves,
          eino_curves_03, eino_curves_01, eino_curves_01
D:4:      layout_basic, nicolae_vehumet_radiance, general_overflow_altar,
          kennysheep_generic_room_14
D:5:      layout_cave_pools, uniq_grinder, uniq_edmund

Skill      XL: |  1  2  3  4  5  6  7 |
---------------+----------------------+-----
Fighting       | 1 2 3 |  3.0
Dodging        | 2 3 |  3.3
Shapeshifting  | 4 5 |  5.6
Unarmed Combat | 4 |  4.6

Action                     |  1- 3 |  4- 6 |  7- 9 || total
---------------------------+-------+-------+-------++-------
  Melee: Unarmed           |    88 |   158 |    12 ||   258
         Punch             |     2 |     3 |       ||     5
    Use: Scroll            |       |     4 |       ||     4
   Stab: Sleeping          |       |     1 |       ||     1
 Armour: Animal skin       |    67 |   119 |    13 ||   199
  Dodge: Dodged            |    38 |    85 |     1 ||   124

Table legend: (Time is in decaauts)
 A = Elapsed time spent in this place.
 B = Non-inter-level travel time spent in this place.
 C = Inter-level travel time spent in this place.
 D = Time resting spent in this place.
 E = Time spent auto-exploring this place.
 F = Levels seen in this place.
 G = Mean time per level.
                   A        B        C        D        E       F      G
               +--------+--------+--------+--------+--------+-----+--------+
         Total |   2669 |   2597 |     72 |     23 |   1960 |   5 |  533.8 |
       Dungeon |   2669 |   2597 |     72 |     23 |   1960 |   5 |  533.8 |
               +--------+--------+--------+--------+--------+-----+--------+

Top non-repeatable levels by time:
     D:1: 961 daAuts
     D:2: 617 daAuts
     D:4: 587 daAuts
     D:5: 410 daAuts
     D:3: 92 daAuts
